 Dungeon Crawl Stone Soup version 0.21-a0-404-g291f19a (webtiles) character file.

207793 muster the Slayer (level 18, -14/182 HPs)
             Began as a Minotaur Fighter on Oct 27, 2017.
             Was a High Priest of Okawaru.
             Demolished by Mara (illusionary)
             ... wielding a +2 demon trident of electrocution
              (18 damage)
             ... on level 3 of the Shoals on Oct 28, 2017.
             The game lasted 00:47:41 (38065 turns).

muster the Slayer (Minotaur Fighter)               Turns: 38065, Time: 00:47:42

Health: -14/182    AC: 28    Str: 37    XL:     18   Next: 11%
Magic:  16/22      EV: 21    Int:  8    God:    Okawaru [*****.]
Gold:   1213       SH: 12    Dex: 11    Spells: 17/17 levels left

rFire    + . .     SeeInvis +   c - +9 eveningstar (crush)
rCold    . . .     Gourm    .   U - +1 buckler of the Garden {Int+3}
rNeg     + . .     Faith    .   W - +4 scale mail "Yngo" {rN+}
rPois    .         Spirit   .   X - +1 hat {MR+}
rElec    .         Reflect  +   P - +2 cloak of Midwinter {MR+ Str+6}
rCorr    .         Harm     .   E - +1 pair of gloves
MR       +++..                  Z - +2 pair of boots
Stlth    ++........             b - amulet of Nurrory {Reflect rF+ Slay+2 SH+5 Stlth+}
HPRegen  0.40/turn              V - +3 ring of slaying
MPRegen  0.18/turn              t - ring of see invisible

@: mighty, about to teleport, heroism, finesse, very slightly contaminated
A: retaliatory headbutt, horns 2, weak 1
}: 1/15 runes: gossamer
a: Heroism, Finesse, Renounce Religion


You were on level 3 of the Shoals.
You worshipped Okawaru.
Okawaru was extremely pleased with you.
You were not hungry.

You visited 6 branches of the dungeon, and saw 31 of its levels.
You also visited: Ossuary and Volcano.

You collected 2783 gold pieces.
You spent 1570 gold pieces at shops.

Inventory:

Hand Weapons
 c - a +9 eveningstar of crushing (weapon)
 I - a +2 great mace of flaming
Armour
 a - the +1 hat "Dimolaec" {rC+}
   (Okawaru gifted it to you on level 6 of the Lair of Beasts)

   It protects you from cold.
 E - a +1 pair of gloves (worn)
 P - the +2 cloak of Midwinter (worn) {MR+ Str+6}
   (You found it on level 7 of the Dungeon)

   It affects your strength (+6).
   It affects your resistance to hostile enchantments.
 U - the +1 buckler of the Garden (worn) {Int+3}
   (You found it on level 8 of the Dungeon)

   It affects your intelligence (+3).
 W - the +4 scale mail "Yngo" (worn) {rN+}
   (Okawaru gifted it to you on level 4 of the Lair of Beasts)

   It protects you from negative energy.
 X - a +1 hat of magic resistance (worn)
 Z - a +2 pair of boots (worn)
Jewellery
 b - the amulet of Nurrory (around neck) {Reflect rF+ Slay+2 SH+5 Stlth+}
   (You bought it in a shop on level 8 of the Dungeon)

   [amulet of reflection]

   It shields you and reflects attacks.
   It affects your accuracy and damage with ranged weapons and melee attacks
   (+2).
   It protects you from fire.
   It affects your SH (+5).
   It makes you more stealthy.
 t - a ring of see invisible (right hand)
 D - an uncursed ring of protection from cold
 F - a +4 ring of protection
 J - an uncursed ring of fire
 V - a +3 ring of slaying (left hand)
Wands
 e - a wand of digging (9/24)
 f - a wand of acid (2/15)
 g - a wand of iceblast (5/15)
 m - a wand of scattershot (2/9)
 w - a wand of iceblast (8/15)
 y - a wand of digging (17/24)
 S - a wand of digging (7/24)
 T - a wand of scattershot (9/9)
 Y - a wand of digging (8/24)
Scrolls
 h - 3 scrolls of magic mapping
 i - 5 scrolls of teleportation
 k - 2 scrolls of summoning
 p - 16 scrolls of remove curse
 r - 2 scrolls of identify
 u - 10 scrolls of recharging
 v - 7 scrolls of fog
 x - a scroll of enchant weapon
 A - 4 scrolls of fear
 B - 5 scrolls of blinking
 H - 4 scrolls of immolation
Potions
 l - 2 potions of cancellation
 n - 3 potions of ambrosia
 z - 3 potions of flight
 C - 5 potions of haste
 K - 2 potions of brilliance
 L - 8 potions of agility
 M - a potion of magic
 N - a potion of resistance
 Q - 2 potions of invisibility
Comestibles
 o - 17 fruits
 q - 7 royal jellies
 s - 11 meat rations
 R - 5 bread rations


   Skills:
 + Level 21.3(26.3) Fighting
   Level 4.6(18.4) Axes
 - Level 18.8(24.0) Maces & Flails
 + Level 17.6(22.6) Armour
 + Level 14.5(19.5) Dodging
 - Level 3.6(8.6) Shields
 - Level 6.7 Invocations


You had 17 spell levels left.
You didn't know any spells.

Dungeon Overview and Level Annotations

Branches:
Dungeon (15/15)            Temple (1/1) D:5            Lair (6/6) D:11
 Shoals (3/4) Lair:3       Spider (4/4) Lair:4        Slime (0/5) Lair:6
    Orc (2/2) D:11            Elf (0/3) Orc:2        Vaults (0/5) D:13
 Depths (0/5) D:15

Altars:
Ashenzari
Cheibriados
Dithmenos
Elyvilon
Fedhas
Gozag
Hepliaklqana
Kikubaaqudgha
Makhleb
Nemelex Xobeh
Okawaru
Qazlal
Ru
Sif Muna
Trog
Uskayaw
Wu Jian
Xom
Yredelemnul
Zin
The Shining One
Beogh
Jiyva

Shops:
D:5 [   D:8 =*?*   D:10 *   Orc:2 %%*[

Annotations:
D:9 2 runed doors
Shoals:2 Polyphemus
Shoals:3 Mara


Innate Abilities, Weirdness & Mutations

You reflexively headbutt those who attack you in melee.
You have a pair of horns on your head.
You are weak. (Str -2)


Message History

You hear a splash.
Mara gestures at you. The bolt of fire hits you! You resist.
* * * LOW HITPOINT WARNING * * *
You feel much better.
Mara splashes around in the water.
You block Mara's attack. Mara gestures at you. The bolt of fire hits you!
You resist.
* * * LOW HITPOINT WARNING * * *
The faun shoots a stone.
The stone misses you. Mara gestures at you. You resist with almost no effort.
You block Mara's attack.
Okay, then.
Unknown command.
Mara gestures at you. The bolt of fire hits you! You resist.
* * * LOW HITPOINT WARNING * * *
The faun shoots a stone.
The stone completely misses you.
Mara hits you with a demon trident of electrocution!!
You die...

.(.≈≈≈≈≈≈≈≈≈≈≈≈≈≈≈≈≈≈≈≈≈≈≈≈≈≈≈
#.≈≈≈≈≈≈≈≈≈≈≈≈≈≈≈≈≈≈≈≈≈≈≈≈≈≈≈
#.≈≈≈≈≈≈≈≈≈≈≈≈≈≈≈≈≈≈≈≈≈≈≈≈≈≈
#.(≈(≈≈§≈≈≈≈≈≈≈≈≈≈≈≈≈≈≈≈≈≈≈≈
##.≈cc≈≈≈≈≈≈≈≈≈≈≈≈≈≈≈≈≈≈≈≈≈≈
#..$.≈≈§≈R≈§(....≈≈≈≈≈≈≈≈≈≈
####.@≈≈§≈≈(#.....≈≈...≈≈≈≈
#.≈≈§≈§.###.##..≈<#.≈≈≈≈ ###
#.≈≈≈§R@# #####.≈...≈≈≈.
....####.≈≈≈≈.## #...≈(≈≈≈≈≈≈.
.......≈≈≈≈≈≈R# #..(.)≈(≈≈≈≈.
P..≈..≈≈≈≈≈≈§.# ##...≈≈≈≈≈≈..
..≈≈.≈≈≈≈≈≈≈≈.# ###.≈≈≈≈≈≈##
.≈≈≈≈≈≈≈≈≈≈≈≈.## #.<≈≈≈≈≈.#
≈≈≈≈≈≈≈≈≈.≈≈^..### ##.≈≈≈≈≈≈.
≈≈≈≈≈≈≈≈≈...≈.....# #≈≈≈≈≈≈≈.
≈≈≈≈≈≈≈≈.##....≈≈≈.# #.≈≈≈≈≈≈≈


You could see 3 Maras, 2 fauns and muster's illusion.

Vanquished Creatures
  Rupert (Spider:1)
  Asterion (Spider:1)
  Agnes (Spider:4)
  A fire giant (D:15)
  6 emperor scorpions
  4 ghost moths (Spider:4)
  2 orc warlords
  A stone giant (Orc:1)
  2 entropy weavers (Spider:4)
  Azrael (D:14)
  A spark wasp (Spider:2)
  Snorg (Lair:5)
  The ghost of zodiak12 the Fighter, a journeyman DrFi of Qazlal (Lair:3)
  A merfolk javelineer (Shoals:2)
  2 fire dragons
  2 merfolk impalers
  Harold (Orc:1)
  5 catoblepae
  3 centaur warriors
  8 vault guards (D:13)
  A merfolk avatar (Shoals:2)
  8 hydras
  2 merfolk aquamancers (Shoals:2)
  A death knight (D:13)
  5 two-headed ogres
  12 death yaks
  4 orc high priests
  Urug (D:11)
  Nergalle (Lair:4)
  4 sea snakes
  2 unseen horrors
  A fire crab (Lair:6)
  A wizard (D:15)
  5 harpies (Shoals:1)
  A necromancer (Spider:2)
  A swamp dragon (shapeshifter) (D:9)
  A deep elf archer (Orc:1)
  2 lindwurms (Volcano)
  7 wolf spider zombies (Spider:2)
  21 orb spiders
  28 wolf spiders
  14 ugly things
  9 orc knights
  9 orc sorcerers
  5 manticores
  4 deep elf magi
  6 cyclopes
  3 slime creatures (D:15)
  5 merfolk sirens
  A moth of wrath (Spider:4)
  6 fauns (Shoals:1)
  3 centaur zombies
  4 elephants (Lair:4)
  9 black mambas
  4 molten gargoyles
  A water nymph (Shoals:1)
  A torpor snail (Spider:1)
  4 gargoyles
  10 spiny frogs
  10 komodo dragons
  A freezing wraith (D:13)
  7 redback zombies (Spider:2)
  A rime drake (Lair:3)
  21 demonic crawlers
  A queen bee (Lair:4)
  14 merfolk
  2 tengu conjurers (D:15)
  26 jumping spiders
  6 trolls
  A wolf spider simulacrum (D:15)
  5 hornets (Spider:4)
  3 meliai (Lair:4)
  A polar bear (Lair:5)
  2 wind drakes (Shoals:1)
  A wind drake (shapeshifter) (D:9)
  20 tarantella zombies (Spider:2)
  21 blink frogs
  Prince Ribbit (D:9)
  2 dream sheep (Shoals:3)
  10 hippogriffs
  4 snapping turtles
  39 tarantellas
  2 vampires (D:9)
  76 redbacks
  5 basilisks
  5 wraiths
  32 yaks
  Eustachio (D:4)
  5 water elementals (Shoals:2)
  A spriggan (D:10)
  2 fire elementals (D:14)
  6 wyverns
  Grum (D:11)
  4 steam dragons
  5 hungry ghosts
  6 wargs
  A soldier ant (D:14)
  A two-headed ogre zombie (D:11)
  5 hell hounds
  13 water moccasins
  11 porcupines
  2 acid dragons
  30 orc warriors
  4 sky beasts
  5 ice beasts
  A black bear (D:6)
  4 phantoms
  4 wolves (D:11)
  8 ogres
  5 centaurs
  10 crocodiles
  2 big kobolds
  17 bullfrogs
  5 earth elementals (Volcano)
  2 wyvern zombies (D:12)
  10 scorpions
  2 wyvern skeletons
  45 killer bees
  3 troll zombies (D:11)
  8 wights
  3 electric eels
  3 howler monkeys
  4 lava snakes (Lair:6)
  2 bullfrog zombies
  9 crimson imps
  9 hounds
  9 centaur skeletons
  2 human zombies (Ossuary)
  12 orc priests
  9 jellies
  2 bullfrog skeletons
  25 orc wizards
  3 iguanas
  Ijyb (D:4)
  10 worker ants
  4 ogre zombies (D:11)
  A hound skeleton (D:3)
  The ghost of p0werm0de the Sneak, a weakling OpEn (D:3)
  3 mummies (Ossuary)
  2 worker ant zombies
  14 gnolls
  13 adders
  3 shadow imps (D:9)
  An adder skeleton (D:3)
  5 worms
  3 dart slugs
  7 leopard geckos
  98 orcs
  5 giant cockroaches
  A gnoll zombie (Ossuary)
  11 goblins
  8 hobgoblins (D:2)
  14 jackals
  15 kobolds
  3 quokkas
  12 bats
  3 frilled lizards
  A goblin skeleton (D:11)
  4 goblin zombies
  2 hobgoblin skeletons (D:11)
  7 hobgoblin zombies
  3 orc skeletons (D:11)
  14 orc zombies
  A quokka skeleton (D:3)
  A quokka zombie (D:3)
  7 rats
  2 fungi (Lair:6)
1172 creatures vanquished.

Vanquished Creatures (others)
  A centaur (Shoals:2)
  An orc (Orc:1)
  A goblin (D:4)
  5 fungi
  4 plants
12 creatures vanquished.

Grand Total: 1184 creatures vanquished

Notes
Turn   | Place    | Note
-------+----------+-------------------------------------------
     0 | D:1      | muster the Minotaur Fighter began the quest for the Orb.
     0 | D:1      | Reached XP level 1. HP: 19/19 MP: 0/0
   305 | D:1      | Reached XP level 2. HP: 27/27 MP: 1/1
   370 | D:1      | Reached skill level 4 in Fighting
   434 | D:1      | You fall through a shaft!
   802 | D:2      | Reached XP level 3. HP: 33/33 MP: 2/2
  1137 | D:2      | Found an ornate altar of the Wu Jian Council.
  1197 | D:2      | Found a stormy altar of Qazlal.
  1328 | D:3      | Noticed p0werm0de's ghost (weakling OpEn)
  1338 | D:2      | Reached XP level 4. HP: 34/41 MP: 3/3
  1683 | D:3      | Killed p0werm0de's ghost
  2006 | D:3      | Found an ancient bone altar of Kikubaaqudgha.
  2058 | D:3      | Reached skill level 5 in Fighting
  2058 | D:3      | Reached XP level 5. HP: 48/48 MP: 4/4
  2125 | D:3      | Reached skill level 5 in Armour
  2165 | D:3      | Found a hazy altar of Hepliaklqana.
  2401 | D:4      | Got an ichor-stained mace
  2432 | D:4      | Identified the +4 mace "Hydra's Nightmare" {flame, Int+4 Stlth+} (You found it on level 4 of the Dungeon)
  2473 | D:4      | Reached XP level 6. HP: 53/56 MP: 5/5
  2478 | D:4      | Reached skill level 1 in Maces & Flails
  2601 | D:4      | Noticed a water elemental
  2603 | D:4      | Found a stormy altar of Qazlal.
  2606 | D:4      | Noticed a fire elemental
  2606 | D:4      | Noticed an air elemental
  2638 | D:4      | Found a blossoming altar of Fedhas.
  2655 | D:4      | Reached skill level 6 in Fighting
  2659 | D:4      | Noticed Eustachio
  2706 | D:4      | Killed Eustachio
  2706 | D:4      | Reached XP level 7. HP: 52/64 MP: 6/6
  2910 | D:4      | Found a shattered altar of Ashenzari.
  3090 | D:4      | Noticed Ijyb
  3100 | D:4      | Killed Ijyb
  3168 | D:5      | Entered Level 5 of the Dungeon
  3310 | D:5      | Found a staircase to the Ecumenical Temple.
  3332 | Temple   | Entered the Ecumenical Temple
  3381 | Temple   | Became a worshipper of Warmaster Okawaru
  3423 | D:5      | Found Vaufimiq's Antique Armour Shoppe.
  3461 | D:5      | Reached skill level 7 in Fighting
  4068 | D:5      | Reached XP level 8. HP: 73/73 MP: 7/7
  4435 | D:6      | Reached skill level 5 in Maces & Flails
  4512 | D:6      | Reached skill level 8 in Fighting
  4530 | D:6      | Reached * piety under Okawaru
  4725 | D:6      | You fall through a shaft for 2 floors!
  4725 | D:8      | Found Koryonav's Jewellery Shoppe.
  4725 | D:8      | Noticed a two-headed ogre
  5257 | D:7      | Reached XP level 9. HP: 58/82 MP: 8/8
  5261 | D:7      | Reached skill level 9 in Fighting
  5278 | D:7      | Found a sand-covered staircase.
  5287 | Ossuary  | Entered an ossuary
  5492 | Ossuary  | Reached skill level 1 in Invocations
  5786 | D:7      | Got a fine cloak
  5794 | D:7      | Reached ** piety under Okawaru
  5800 | D:7      | Identified the +2 cloak of Midwinter {MR+ Str+6} (You found it on level 7 of the Dungeon)
  5837 | D:7      | Found a sacrificial altar of Ru.
  5839 | D:7      | Found a bloodstained altar of Trog.
  6022 | D:8      | Found Veisum's Magic Scroll Shop.
  6050 | D:8      | Found a sparkling altar of Nemelex Xobeh.
  6094 | D:8      | Killed a two-headed ogre
  6094 | D:8      | Reached skill level 10 in Fighting
  6286 | D:8      | Got a fine buckler
  6287 | D:8      | Identified the +1 buckler of the Garden {Int+3} (You found it on level 8 of the Dungeon)
  6342 | D:8      | Found Vadel's Assorted Antiques.
  6383 | D:8      | Found Careocw's Assorted Antiques.
  6478 | D:9      | Reached *** piety under Okawaru
  6478 | D:9      | Reached XP level 10. HP: 94/94 MP: 12/12
  6566 | D:9      | Found a burning altar of Makhleb.
  6570 | D:9      | Noticed Prince Ribbit
  6603 | D:9      | Killed Prince Ribbit
  6726 | D:9      | Reached skill level 5 in Invocations
  6734 | D:9      | Found a runed door.
  6735 | D:9      | Noticed a manticore
  7101 | D:9      | Reached skill level 11 in Fighting
  7209 | D:9      | Found a runed door.
  7209 | D:9      | Noticed a fire dragon
  7211 | D:9      | Found a runed door.
  7429 | D:9      | Noticed a swamp dragon
  7444 | D:9      | Killed a swamp dragon
  7444 | D:9      | Reached **** piety under Okawaru
  7444 | D:9      | Reached skill level 10 in Maces & Flails
  7451 | D:9      | Killed a fire dragon
  7456 | D:9      | Reached ***** piety under Okawaru
  7461 | D:9      | Killed a manticore
  7584 | D:10     | Entered Level 10 of the Dungeon
  7594 | D:10     | Reached skill level 12 in Fighting
  7597 | D:10     | Reached XP level 11. HP: 89/104 MP: 12/15
  7763 | D:10     | Noticed a two-headed ogre
  7769 | D:10     | Killed a two-headed ogre
  7929 | D:10     | Received a gift from Okawaru
  8330 | D:10     | Found Xame's Assorted Antiques.
  8640 | D:11     | Noticed Urug
  8648 | D:11     | Killed Urug
  8648 | D:11     | Reached skill level 10 in Armour
  8649 | D:11     | Noticed a purple ugly thing
  8661 | D:11     | Killed a purple ugly thing
  8661 | D:11     | Reached skill level 13 in Fighting
  9127 | D:11     | Found a staircase to the Orcish Mines.
  9234 | D:11     | Noticed Grum
  9274 | D:11     | Killed Grum
  9350 | D:11     | Reached XP level 12. HP: 91/115 MP: 16/16
  9728 | D:11     | Found a staircase to the Lair.
 10034 | Lair:1   | Entered Level 1 of the Lair of Beasts
 10545 | Lair:1   | Reached skill level 14 in Fighting
 10584 | Lair:2   | Noticed a catoblepas
 10594 | Lair:2   | Killed a catoblepas
 10789 | Lair:2   | Noticed a seven-headed hydra
 10795 | Lair:2   | Killed a seven-headed hydra
 10859 | Lair:2   | Received a gift from Okawaru
 11617 | Lair:3   | Noticed zodiak12's ghost (journeyman DrFi)
 11629 | Lair:3   | Killed zodiak12's ghost
 11660 | Lair:3   | Found a dark tunnel.
 11700 | Volcano  | Entered a volcano
 11770 | Volcano  | Reached ****** piety under Okawaru
 11934 | Lair:3   | Reached skill level 15 in Fighting
 12319 | Lair:3   | Found a staircase to the Shoals.
 12341 | Lair:3   | Reached XP level 13. HP: 126/126 MP: 17/17
 12747 | Lair:4   | Received a gift from Okawaru
 12786 | Lair:4   | Got a translucent scale mail {god gift}
 12802 | Lair:4   | Identified the +4 scale mail "Yngo" {rN+} (Okawaru gifted it to you on level 4 of the Lair of Beasts)
 13588 | Lair:4   | Reached skill level 15 in Maces & Flails
 14013 | Lair:4   | Found a hole to the Spider Nest.
 14129 | Lair:4   | Noticed Nergalle
 14137 | Lair:4   | Killed Nergalle
 14860 | Lair:4   | Reached skill level 16 in Fighting
 15076 | Lair:5   | Noticed Snorg
 15088 | Lair:5   | Killed Snorg
 15613 | Lair:5   | Reached XP level 14. HP: 113/138 MP: 16/18
 16047 | Lair:6   | Entered Level 6 of the Lair of Beasts
 16049 | Lair:6   | Found a staircase to the Slime Pits.
 16056 | Lair:6   | Received a gift from Okawaru
 16056 | Lair:6   | Reached skill level 1 in Dodging
 16057 | Lair:6   | Found the +8 orange crystal plate armour {Archmagi, Int+3 Clar}
 16192 | Lair:6   | Found a viscous altar of Jiyva.
 17094 | Lair:6   | Reached skill level 17 in Fighting
 17278 | Lair:6   | Found a large runed door.
 17293 | Lair:6   | Found a large runed door.
 17536 | Lair:6   | Received a gift from Okawaru
 17536 | Lair:6   | Reached skill level 5 in Dodging
 17540 | Lair:6   | Got a crude hat {god gift}
 18279 | D:8      | Bought the amulet of Nurrory {Reflect rF+ Slay+2 SH+5 Stlth+} for 730 gold pieces
 18294 | D:8      | Identified the +1 hat "Dimolaec" {rC+} (Okawaru gifted it to you on level 6 of the Lair of Beasts)
 18509 | Orc:1    | Entered Level 1 of the Orcish Mines
 18514 | Orc:1    | Found a roughly hewn altar of Beogh.
 18618 | Orc:2    | Entered Level 2 of the Orcish Mines
 18618 | Orc:2    | Noticed an orc warlord
 18808 | Orc:2    | Killed an orc warlord
 19533 | Orc:2    | Gained mutation: You are weak. (Str -2) [a neqoxec]
 19931 | Orc:2    | Found Xigeutt's Food Shoppe.
 19931 | Orc:2    | Found Focuitan's Food Boutique.
 19933 | Orc:2    | Found Qucoeg's General Store.
 19933 | Orc:2    | Found Zaiw's Antique Armour Boutique.
 20055 | Orc:2    | Found a roughly hewn altar of Beogh.
 20082 | Orc:2    | Found a staircase to the Elven Halls.
 20152 | Orc:2    | Bought a shimmering plate armour for 840 gold pieces
 20162 | Orc:2    | Identified the +1 plate armour of Lucidity {rCorr Str-4 Int+9 Slay-6} (You bought it in a shop on level 2 of the Orcish Mines)
 20242 | Orc:1    | Reached XP level 15. HP: 148/148 MP: 19/19
 20267 | Orc:1    | Noticed Harold
 20274 | Orc:1    | Killed Harold
 20360 | Orc:1    | Received a gift from Okawaru
 20366 | Orc:1    | Noticed an orc warlord
 20383 | Orc:1    | Killed an orc warlord
 20501 | Orc:1    | Reached skill level 18 in Fighting
 21570 | D:13     | Found a gate to the Vaults.
 22876 | D:14     | Noticed Azrael
 22890 | D:14     | Killed Azrael
 23034 | D:14     | Received a gift from Okawaru
 23558 | D:15     | Entered Level 15 of the Dungeon
 23604 | D:15     | Reached skill level 10 in Dodging
 24018 | D:15     | Reached skill level 19 in Fighting
 24053 | D:15     | Reached XP level 16. HP: 120/160 MP: 17/20
 24341 | D:15     | Found a staircase to the Depths.
 24721 | Spider:1 | Entered Level 1 of the Spider Nest
 24766 | Spider:1 | Noticed Asterion
 24769 | Spider:1 | Noticed an Executioner
 24779 | Spider:1 | Killed Asterion
 25009 | Spider:1 | Noticed Rupert
 25022 | Spider:1 | Killed Rupert
 26921 | Spider:2 | Reached skill level 15 in Armour
 26943 | Spider:2 | Received a gift from Okawaru
 26944 | Spider:2 | Got a pair of fine boots {god gift}
 28319 | Spider:2 | Reached skill level 20 in Fighting
 29117 | Spider:3 | Identified the +0 pair of boots of Life {rN+} (Okawaru gifted it to you on level 2 of the Spider Nest)
 29166 | Spider:3 | Received a gift from Okawaru
 29184 | Spider:3 | Reached XP level 17. HP: 170/170 MP: 21/21
 30041 | Spider:4 | Entered Level 4 of the Spider Nest
 30282 | Spider:4 | Noticed Agnes
 30288 | Spider:4 | Killed Agnes
 33622 | Spider:4 | Paralysed by a hornet for 3 turns
 34542 | Spider:4 | Got a gossamer rune of Zot
 34593 | Spider:4 | Reached skill level 21 in Fighting
 35279 | Shoals:1 | Entered Level 1 of the Shoals
 35291 | Shoals:1 | Received a gift from Okawaru
 36198 | Shoals:2 | HP: 8/173 [merfolk/trident (13)]
 36689 | Shoals:2 | Noticed Polyphemus
 37135 | Shoals:2 | Reached XP level 18. HP: 72/182 MP: 19/22
 38042 | Shoals:3 | Noticed Mara
 38052 | Shoals:3 | Noticed muster's illusion
 38062 | Shoals:3 | HP: 8/182 [Mara (illusionary)/bolt of fire (12)]
 38065 | Shoals:3 | Demolished by Mara (illusionary)

Vault maps used:
D:1:      nicolae_arrival_washed_ashore
D:2:      lemuel_crystal_altar, marbit_many_paths
D:3:      old_standard_altar, overflow_temple_1_default, serial_undead,
          serial_undead_d, serial_undead_e, serial_undead_d, serial_undead_a
D:4:      kennysheep_goblin_castle, overflow_temple_1_default,
          nicolae_overflow_hidden_temple, first_bread, minivault_23,
          nicolae_qazlal_style_of_elements, uniq_eustachio
D:5:      minmay_temple_entry_glassed_door, serial_shops,
          nicolae_shop_behind_doors, st_stairs_7
D:6:      lemuel_insect_pit, kennysheep_mini_moat, serial_shops, shop,
          basic_altar, uniq_sigmund
D:7:      chequers_temple_overflow_statue_of_worship, enter_ossuary_1
D:8:      nemelex_xobeh_ov_fountains_minmay, serial_shops, shop,
          kennysheep_mini, shop, shop
D:9:      minmay_the_grid_four_pointed_star_mashed, uniq_prince_ribbit1
D:10:     serial_shops, shop, hangedman_stone_soup, hangedman_decor_slide_cut
D:11:     lair_entry_dummy, zombieorc2_lemuel, uniq_grum, uniq_urug
D:12:     hex_medium
D:13:     erik_vaults_2
D:14:     serial_park_tiny_1, uniq_azrael
D:15:     grunt_enter_depths_giant_problem, serial_bayou_lagoon_a,
          kennysheep_two_boxes
Temple:   minmay_temple_bridge_abc
Lair:1:   nicolae_quartered_pool_super, grunt_megastairs_5
Lair:3:   elwin_shoals_entry_rooms, nicolae_volcano_entry_lava_flow
Lair:4:   nzn_motion_control, nicolae_spider_entry_non_spiders, special_room,
          uniq_nergalle
Lair:5:   grunt_megastairs_2, uniq_snorg
Lair:6:   cheibrodos_lair_end_hotspot, slime_altar_1
Shoals:2: uniq_polyphemus
Shoals:3: nicolae_shoals_hunting_party, uniq_mara
Spider:1: spider_trap, uniq_rupert, uniq_asterion
Spider:2: lemuel_spider_zombies
Spider:4: spider_rune_water, uniq_agnes
Orc:1:    basic_altar, elf_legates, uniq_harold
Orc:2:    grunt_orc_tribal_feast, lemuel_statue_altar
Ossuary:  ossuary_kennysheep_city_of_the_dead
Volcano:  volcano_aerie

Skill      XL: |  1  2  3  4  5  6  7  8  9 10 11 12 13 14 15 16 17 |
---------------+----------------------------------------------------+-----
Fighting       | 4 5 6 7 8 10 12 13 15 16 17 19 20 21 | 21.3
Armour         | 4 5 6 7 8 9 11 12 14 15 17 | 17.6
Axes           | 3 4 |  4.6
Maces & Flails | 2 4 6 9 10 12 14 15 17 18 | 18.8
Invocations    | 4 6 |  6.7
Dodging        | 7 10 12 14 | 14.5
Shields        | |  3.6

Action                   |  1- 3 |  4- 6 |  7- 9 | 10-12 | 13-15 | 16-18 || total
-------------------------+-------+-------+-------+-------+-------+-------++-------
Melee: War axe           |    98 |    91 |       |       |       |       ||   189
       Headbutt          |    13 |    23 |    59 |   157 |   239 |   226 ||   717
       Mace              |       |    74 |   310 |   426 |       |       ||   810
       Eveningstar       |       |       |       |   205 |   926 |   892 ||  2023
Throw: Stone             |       |     1 |       |       |       |     1 ||     2
Invok: Heroism           |       |       |     6 |    19 |    38 |    18 ||    81
       Finesse           |       |       |       |       |    10 |     5 ||    15
Evoke: Wand              |       |       |       |       |       |     4 ||     4
  Use: Scroll            |       |     8 |     7 |    11 |     8 |    25 ||    59
       Potion            |       |       |     1 |     9 |     9 |    10 ||    29
 Stab: Sleeping          |       |       |     4 |       |       |       ||     4
  Eat: Chunk             |     1 |     5 |     4 |     6 |    24 |     6 ||    46
       Bread ration      |       |       |     2 |     3 |     1 |       ||     6
       Royal jelly       |       |       |       |       |     4 |    10 ||    14
       Fruit             |       |       |       |       |     4 |     2 ||     6
       Meat ration       |       |       |       |       |       |     3 ||     3
Armor: Scale mail        |    53 |    93 |   133 |       |   406 |   547 ||  1232
       Plate armour      |       |       |    10 |   370 |    20 |       ||   400
Dodge: Dodged            |    29 |    59 |   110 |   210 |   534 |   677 ||  1619
Block: Shield            |    50 |   116 |   179 |       |       |       ||   345
       Buckler           |       |       |       |   160 |   417 |   557 ||  1134
       Reflection        |       |       |       |       |    16 |    19 ||    35

Table legend:
 A = Spawn XP
 B = Non-spawn XP
 C = Spawn XP percentage of total XP
 D = Spawn monster count
 E = Non-spawn monster count
 F = Spawn count percentage of total count
 G = Total turns spent on level
                    A         B        C        D         E        F      G
               +---------+---------+-------+---------+---------+-------+---------
         Total |       0 |  299483 |   0.0 |       0 |    1171 |   0.0 | 38065
               +---------+---------+-------+---------+---------+-------+---------
           D:1 |       0 |      39 |   0.0 |       0 |      22 |   0.0 |   789
           D:2 |       0 |      84 |   0.0 |       0 |      28 |   0.0 |  1068
           D:3 |       0 |     181 |   0.0 |       0 |      21 |   0.0 |   508
           D:4 |       0 |     584 |   0.0 |       0 |      32 |   0.0 |   803
           D:5 |       0 |     611 |   0.0 |       0 |      16 |   0.0 |  1192
           D:6 |       0 |     854 |   0.0 |       0 |      21 |   0.0 |   751
           D:7 |       0 |    1065 |   0.0 |       0 |      23 |   0.0 |   375
           D:8 |       0 |    1585 |   0.0 |       0 |      17 |   0.0 |   456
           D:9 |       0 |    5161 |   0.0 |       0 |      41 |   0.0 |  1191
          D:10 |       0 |    4660 |   0.0 |       0 |      45 |   0.0 |  1288
          D:11 |       0 |    8715 |   0.0 |       0 |      80 |   0.0 |  1357
          D:12 |       0 |    3497 |   0.0 |       0 |      31 |   0.0 |   559
          D:13 |       0 |   10368 |   0.0 |       0 |      20 |   0.0 |   763
          D:14 |       0 |   13268 |   0.0 |       0 |      39 |   0.0 |  1540
          D:15 |       0 |   15702 |   0.0 |       0 |      40 |   0.0 |   876
        Lair:1 |       0 |    2414 |   0.0 |       0 |      13 |   0.0 |   579
        Lair:2 |       0 |    5234 |   0.0 |       0 |      18 |   0.0 |  1006
        Lair:3 |       0 |    6381 |   0.0 |       0 |      24 |   0.0 |  1369
        Lair:4 |       0 |   18221 |   0.0 |       0 |      59 |   0.0 |  2279
        Lair:5 |       0 |    8202 |   0.0 |       0 |      26 |   0.0 |   882
        Lair:6 |       0 |   19754 |   0.0 |       0 |      59 |   0.0 |  2112
      Shoals:1 |       0 |   11873 |   0.0 |       0 |      24 |   0.0 |  1204
      Shoals:2 |       0 |   15947 |   0.0 |       0 |      32 |   0.0 |  1413
      Shoals:3 |       0 |    2392 |   0.0 |       0 |       5 |   0.0 |   169
      Spider:1 |       0 |   20198 |   0.0 |       0 |      46 |   0.0 |  1720
      Spider:2 |       0 |   31317 |   0.0 |       0 |      94 |   0.0 |  2288
      Spider:3 |       0 |   17044 |   0.0 |       0 |      39 |   0.0 |  1381
      Spider:4 |       0 |   42824 |   0.0 |       0 |      91 |   0.0 |  5087
         Orc:1 |       0 |   15918 |   0.0 |       0 |      76 |   0.0 |  1289
         Orc:2 |       0 |   12914 |   0.0 |       0 |      69 |   0.0 |  1130
       Ossuary |       0 |     354 |   0.0 |       0 |      12 |   0.0 |   453
       Volcano |       0 |    2122 |   0.0 |       0 |       8 |   0.0 |   117
               +---------+---------+-------+---------+---------+-------+---------
